 Dungeon Crawl Stone Soup version 0.17.0-1-g61d176b (webtiles) character file.

195 McCoppin the Sneak (level 5, -13/54 HPs)
             Began as an Octopode Berserker on Nov 7, 2015.
             Was a Believer of Trog.
             Mangled by George's ghost (17 damage)
             ... on level 3 of the Dungeon.
             The game lasted 00:07:07 (2508 turns).

McCoppin the Sneak (Octopode Berserker)             Turns: 2508, Time: 00:07:07

Health: -13/54     AC:  1    Str: 21    XL:     5   Next: 74%
Magic:  5/5        EV: 13    Int: 10    God:    Trog [**....]
Gold:   129        SH:  0    Dex: 14    Spells: 0 memorised, 4 levels left

rFire  . . .     SeeInvis .     s - +2 short sword (flame)
rCold  . . .     Clarity  .     (no shield)
rNeg   . . .     SustAt   .     (helmet restricted)
rPois  .         Gourm    .     (no amulet)
rElec  .         Spirit   .     g - +2 ring of dexterity
rCorr  .         Warding  .     o - ring of flight
rMut   .         Stasis   .     (no ring)
MR     .....                    (no ring)
Stlth  ..........               (no ring)
                                (no ring)
                                (no ring)
                                (no ring)

@: berserking, very quick, not resistant to hostile enchantments, extremely
unstealthy
A: almost no armour, amphibious, 8 rings, constrict 8, camouflage 1, gelatinous
body 1
a: Berserk, Trog's Hand, Burn Spellbooks, Renounce Religion, Evoke Flight


You were on level 3 of the Dungeon.
You worshipped Trog.
Trog was pleased with you.
You were not hungry.

You visited 1 branch of the dungeon, and saw 3 of its levels.

You collected 129 gold pieces.

Inventory:

Hand Weapons
 a - a +0 falchion
 p - a +0 whip of venom
 s - a +2 short sword of flaming (weapon)
Jewellery
 g - a +2 ring of dexterity (left tentacle)
 o - a ring of flight (right tentacle)
Scrolls
 c - a scroll of blinking
 d - a scroll of enchant armour
 h - 3 scrolls of teleportation
 i - a scroll of fear
 j - a scroll of remove curse
 l - a scroll of immolation
 m - 2 scrolls of recharging {unknown}
 t - a scroll of amnesia
Potions
 f - 3 potions of curing
 k - 3 potions of degeneration
 n - a potion of cancellation
Comestibles
 b - 3 bread rations
 q - a beef jerky
 v - a slice of pizza


   Skills:
 - Level 3.0 Fighting
 - Level 3.0 Long Blades
 - Level 3.0 Dodging
 + Level 7.7 Stealth


You had 4 spell levels left.
You didn't know any spells.

Dungeon Overview and Level Annotations

Branches:
Dungeon (3/15)

Altars:
Makhleb

Annotations:
D:3 George's ghost, amateur MiFi


Innate Abilities, Weirdness & Mutations

You cannot wear most types of armour.
You are amphibious.
You can wear up to eight rings at the same time.
You can use your tentacles to constrict eight enemies at once.
Your skin changes colour to match your surroundings (Stealth).
Your rubbery body absorbs attacks (AC +1).


Message History

You constrict the orc. The orc barely misses you.
You hit the orc. You burn the orc. You squeeze the orc, but do no damage.
The orc is heavily wounded.
You constrict the orc, but do no damage.
You hit the orc but do no damage.
The orc is heavily wounded.
You constrict the orc. The orc hits you with a club.
A red film seems to cover your vision as you go berserk!
You feel yourself moving faster!
You feel mighty!
You feel somewhat more hungry.
You constrict the orc. The orc barely misses you. George's ghost hits you!!
You closely miss George's ghost. You squeeze George's ghost!
George's ghost is moderately damaged.
You constrict the orc. George's ghost hits you!
* * * LOW HITPOINT WARNING * * *
The orc barely misses you.
You hit George's ghost but do no damage.
George's ghost is moderately damaged.
You constrict the orc. George's ghost hits you!
You die...

...........########
....##.#.....# .#
..#.##.#.###.# .#
..#.##.#.# #.######'####
..#.##.#.. #...........#
....##.#########.......#
.......................#
........[)=.....o.......
#..#.###########@W......
#............# #).......
#............# #.......#
#............# #.......#
#............# #...$...#
#....).......# #.......#
#......####### #.......#
#.....## ##......#
##...##


You could see George's ghost and an orc.

Vanquished Creatures
  2 orc priests (D:3)
  An orc wizard (D:3)
  2 adders (D:3)
  An ooze (D:3)
  2 worms (D:3)
  4 giant geckos
  12 orcs (D:3)
  A ball python (D:3)
  8 bats
  3 hobgoblins
  3 jackals (D:2)
  4 quokkas
  6 giant cockroaches
  A giant newt (D:2)
  5 goblins
  5 kobolds
  5 rats
65 creatures vanquished.

Notes
Turn   | Place    | Note
--------------------------------------------------------------
     0 | D:1      | McCoppin the Octopode Berserker began the quest for the Orb.
     0 | D:1      | Reached XP level 1. HP: 16/16 MP: 1/1
    77 | D:1      | Reached skill level 1 in Stealth
   309 | D:1      | Reached XP level 2. HP: 21/21 MP: 2/2
   686 | D:2      | Reached XP level 3. HP: 14/26 MP: 3/3
   859 | D:2      | Reached ** piety under Trog
   859 | D:2      | Reached skill level 4 in Stealth
  1540 | D:3      | Reached skill level 5 in Stealth
  1550 | D:3      | Reached XP level 4. HP: 21/31 MP: 4/4
  1678 | D:3      | Reached skill level 6 in Stealth
  1971 | D:3      | Found a burning altar of Makhleb.
  2026 | D:3      | Reached XP level 5. HP: 5/36 MP: 5/5
  2044 | D:3      | Reached skill level 7 in Stealth
  2297 | D:3      | Noticed George's ghost (amateur MiFi)
  2309 | D:3      | Reached *** piety under Trog
  2508 | D:3      | Mangled by George's ghost

Action                   |  1- 3 |  4- 6 || total
-------------------------+-------+-------++-------
Melee: Falchion          |    47 |       ||    47
       Whip              |    25 |       ||    25
       Short sword       |     7 |    50 ||    57
Invok: Berserk           |       |     2 ||     2
       Trog's Hand       |       |     1 ||     1
  Use: Scroll            |       |    11 ||    11
       Potion            |       |     1 ||     1
 Stab: Sleeping          |    10 |     2 ||    12
  Eat: Chunk             |     2 |     4 ||     6
